 Dungeon Crawl Stone Soup version 0.29.1-15-g9cfb28693d (webtiles) character file.

Game seed: 6909758141476186160

242 Barriton the Conjurer (level 5, 0/29 (39) HPs)
             Began as a Draconian Conjurer on Apr 24, 2023.
             Slain by an orc wizard
             ... wielding a +2 dagger of draining
              (4 damage)
             ... on level 4 of the Dungeon.
             The game lasted 00:05:52 (4656 turns).

Barriton the Conjurer (Draconian Conjurer)          Turns: 4656, Time: 00:05:52

HP:   0/29 (39)     AC:  5    Str:  9    XL:     5   Next: 81%
MP:   2/10          EV: 12    Int: 19    God:
Gold: 131           SH:  0    Dex: 11    Spells: 7/10 levels left

rFire   + . .      SeeInvis .   j - +0 halberd
rCold   . . .      Faith    .   (shield currently unavailable)
rNeg    . . .      Spirit   .   (body armour unavailable)
rPois   +          Reflect  .   (helmet restricted)
rElec   .          Harm     .   (no cloak)
rCorr   .          Rampage  .   (no gloves)
Will    .....                   (no boots)
Stlth   +.........              (no amulet)
HPRegen 0.09/turn               d - ring of protection from fire
MPRegen 0.12/turn               e - ring of poison resistance

@: confused, very heavily drained
A: AC +5, unfitting armour, cold-blooded
a: no special abilities


You were on level 4 of the Dungeon.
You visited 1 branch of the dungeon, and saw 4 of its levels.

You collected 131 gold pieces.

Inventory:

Hand Weapons
 c - a +0 spear
 j - a +0 halberd (weapon)
Jewellery
 d - a ring of protection from fire (left hand)
 e - a ring of poison resistance (right hand)
Potions
 a - a potion of magic
 b - 4 potions of degeneration
 f - 4 potions of might
 g - 2 potions of heal wounds {unknown}
 h - a potion of berserk rage {unknown}
 i - a potion of mutation {unknown}
 k - a potion of flight {unknown}
 l - a potion of attraction {unknown}
 m - a potion of invisibility {unknown}


   Skills:
 + Level 0.7 Fighting
 + Level 1.4 Polearms
 + Level 2.5 Dodging
 + Level 2.5 Stealth
 + Level 3.4 Spellcasting
 + Level 5.3 Conjurations


You had 7 spell levels left.
You knew the following spells:

 Your Spells              Type           Power      Damage    Failure   Level
a - Magic Dart            Conj           92%        1d7       1%          1
b - Searing Ray           Conj           46%        2d6       2%          2

Your spell library contained the following spells:

 Spells                   Type           Power      Damage    Failure   Level
 Dazzling Flash           Conj/Hex       26%        N/A       14%         3
 Tukima's Dance           Hex            3%         N/A       41%         3
 Fulminant Prism          Conj/Hex       6%         3d7       43%         4
 Iskenderun's Mystic Bla  Conj/Tloc      13%        2d5       43%         4
 Passage of Golubria      Tloc           3%         N/A       82%         4
 Yara's Violent Unravell  Hex/Tmut       1%         3d3       99%         5


Dungeon Overview and Level Annotations

Branches:
Dungeon (4/15)
 Temple: D:4-7

Altars:


Innate Abilities, Weirdness & Mutations

Your plain brown scales are hard. (AC +5)
You cannot fit into any form of body armour.
You are cold-blooded and may be slowed by cold attacks.


Message History

Reactivating autopickup.
You closely miss the orc wizard.
You tail-slap the orc wizard, but do no damage.
The orc wizard hits you with a +2 dagger of draining.
You feel drained. The orc wizard casts a spell at you. The magic dart hits you!
You closely miss the orc wizard.
The orc wizard hits you but does no damage.
You feel drained.
You barely miss the orc wizard.
The orc wizard hits you with a +2 dagger of draining.
You feel drained.
You barely miss the orc wizard. The orc wizard closely misses you.
The orc wizard barely misses you.
You closely miss the orc wizard.
You tail-slap the orc wizard, but do no damage.
The orc wizard points at you and mumbles some strange words.
The puff of flame hits you. You resist.
You barely miss the orc wizard.
The orc wizard hits you with a +2 dagger of draining.
You feel drained.
The orc wizard hits you with a +2 dagger of draining.
* * * LOW HITPOINT WARNING * * *
You feel drained.
* * * LOW HITPOINT WARNING * * *
Casting: Magic Dart (safe; 1% risk of failure)
Confirm with . or Enter, or press ? or * to list all spells.
Aiming: Searing Ray (safe; 2% risk of failure)
Press: ? - help, Shift-Dir - straight line, f/p - orc wizard
Aim: an orc wizard, wielding a +2 dagger of draining and wearing a +0 robe (72% to hit)
The searing ray misses the orc wizard. (Press . to maintain the ray.)
The orc wizard gestures at you while chanting.
You are confused.
The orc wizard gestures at you while chanting.
The puff of flame hits you. You resist.
* * * LOW HITPOINT WARNING * * *
The orc wizard hits you with a +2 dagger of draining.
You die...

##.........###.##.......#
.......#...##..##.......#
............##......#...#
............##..........#
........................#
...#.......###..........#
#..#.......###.....#..###
#........# ##..#†#######
###...<..###...#@).#....
##.....).....#o.......
#..........##.#.)....
##............#......
..##(........#......
........##.#.).......
........#####..).....
.........# ......... ....
........


You could see an orc wizard.

Vanquished Creatures
  A hound (D:4)
  Natasha (thrice) (D:3)
  An adder (D:3)
  6 gnolls (D:3)
  2 dart slugs
  4 orcs
  4 ball pythons
  4 bats
  4 endoplasms
  5 giant cockroaches
  4 goblins
  10 hobgoblins
  2 kobolds (D:2)
  2 quokkas
  7 frilled lizards
  7 rats
66 creatures vanquished.

Vanquished Creatures (others)
  13 toadstools (D:4)
13 creatures vanquished.

Grand Total: 79 creatures vanquished

Notes
Turn   | Place    | Note
-------+----------+-------------------------------------------
     0 | D:1      | Barriton the Draconian Conjurer began the quest for the
                  | Orb.
     0 | D:1      | Reached XP level 1. HP: 14/14 MP: 3/3
   600 | D:1      | Reached XP level 2. HP: 19/20 MP: 0/5
  1197 | D:1      | Found a faded altar of an unknown god.
  1961 | D:2      | Learned a level 2 spell: Searing Ray
  1988 | D:2      | Reached XP level 3. HP: 23/26 MP: 1/6
  2847 | D:3      | Reached XP level 4. HP: 12/33 MP: 1/7
  3104 | D:3      | Reached skill level 5 in Conjurations
  3677 | D:3      | Noticed Natasha
  3682 | D:3      | Killed Natasha
  3683 | D:3      | Reached XP level 5. HP: 39/39 MP: 2/9
  3942 | D:3      | Noticed Natasha
  3948 | D:3      | Killed Natasha
  3949 | D:3      | Reached skill level 1 in Polearms
  4081 | D:3      | Noticed Natasha
  4085 | D:3      | Killed Natasha
  4656 | D:4      | Slain by an orc wizard

Illustrated notes

Levels and vault maps discovered:
D:1:      ncdulo_lavacross, layout_loops_corners,
          shapermc_ecumenical_altar_mp_vishouse
D:2:      layout_loops_corners
D:3:      layout_loops_ring, uniq_natasha
D:4:      layout_cave_pools, tgw_fedhas

Skill      XL: |  1  2  3  4  5 |
---------------+----------------+-----
Stealth        | 2 |  2.5
Dodging        | 2 |  2.5
Conjurations   | 5 |  5.3
Spellcasting   | 3 |  3.4
Polearms       | 1 |  1.4
Fighting       | |  0.7

Action                   |  1- 3 |  4- 6 || total
-------------------------+-------+-------++-------
Melee: Unarmed           |     9 |       ||     9
       Spear             |    27 |     6 ||    33
       Tailslap          |     4 |     4 ||     8
       Punch             |     1 |       ||     1
       Halberd           |       |    21 ||    21
 Cast: Magic Dart        |    70 |    36 ||   106
       Searing Ray       |     1 |     6 ||     7
  Use: Scroll            |     3 |     4 ||     7
Armor: Skin              |    10 |    14 ||    24
Dodge: Dodged            |    22 |    18 ||    40
